AoeStats
← Maverick

Black Forest

510944897Analyzed
4v4 RM · 18h ago on Oct 3, 2026· 54m 38s· 8 players
Game mode
Random Map
Map size
Large (8 player)
Population
200
Speed
Normal
Resources
Standard
Victory
Conquest
Starting age
Dark Age
Ending age
Imperial Age
RankedLock teamsTeams togetherTeam positionsShared explorationLock speedFull tech treeHidden civsTurbo modeCheats
Victory
Defeat
🇺🇸 Bohemians · United States
1406
+14
🇺🇸 Portuguese · United States
1366
+16
🇺🇸 Lithuanians · United States
1361
+16
🇮🇳 Saracens · India
1230
+22
🇺🇸 Britons · United States
1406
-19
🇩🇪 Khmer · Germany
1402
-19
1331
-16
🇭🇰 Danes · Hong Kong SAR China
1299
-14
Maverick
7:21 Loom
8:26 Loom
12:00 Feudal Age
17:00 Castle Age
16:22 Scale Barding Armor
16:35 Double-Bit Axe
16:34 Fishing Lines
18:37 Chain Barding Armor
18:28 Forging
18:51 Bow Saw
18:51 Gold Mining
25:54 Iron Casting
26:34 Bloodlines
27:29 Husbandry
28:09 Wheelbarrow
34:19 Imperial Age
33:01 Fortified Wall
32:45 Fletching
34:45 Sanctity
34:34 Cavalier
35:15 Light Cavalry
36:41 Plate Barding Armor
36:31 Stone Mining
36:46 Paladin
38:36 Winged Hussar
43:26 Caravan
44:36 Elite Skirmisher
46:27 Bodkin Arrow
46:33 Padded Archer Armor
47:09 Ballistics
47:53 Chemistry
48:14 Bracer
48:30 Leather Archer Armor
48:59 Tower Shields
50:52 Ring Archer Armor
2rich4u81
0:40 Loom
11:35 Feudal Age
19:58 Castle Age
19:56 Double-Bit Axe
21:52 Bow Saw
28:12 Chemistry
31:00 Imperial Age
29:29 Fletching
30:03 Padded Archer Armor
32:26 Conscription
36:27 Houfnice
37:36 Siege Engineers
38:58 Leather Archer Armor
39:50 Elite Hussite Wagon
44:21 Caravan
52:21 Wheelbarrow
JokaDaJesta
0:28 Loom
16:06 Feudal Age
21:10 Castle Age
19:16 Double-Bit Axe
20:52 Horse Collar
22:28 Bow Saw
23:36 Wheelbarrow
27:38 Gold Mining
28:52 Heavy Plow
29:26 Hand Cart
30:19 Caravan
33:53 Imperial Age
31:48 Ballistics
32:55 Fletching
33:07 Padded Archer Armor
34:50 Onager
35:36 Capped Ram
37:45 Siege Engineers
38:37 Elite Skirmisher
39:23 Thumb Ring
40:00 Bodkin Arrow
40:20 Leather Archer Armor
41:07 Chemistry
40:18 Masonry
39:48 Treadmill Crane
40:04 Murder Holes
41:39 Bracer
42:12 Conscription
43:16 Ring Archer Armor
43:47 Crop Rotation
45:59 Arquebus
53:16 Stone Mining
The OG PinkMan
3:54 Loom
11:33 Feudal Age
13:30 Double-Bit Axe
13:47 Horse Collar
16:30 Castle Age
26:22 Gold Mining
27:06 Heavy Plow
27:15 Stone Mining
31:17 Imperial Age
29:06 Forging
29:01 Scale Barding Armor
30:29 Iron Casting
30:04 Scale Barding Armor
30:29 Murder Holes
32:09 Gold Shaft Mining
32:39 Bloodlines
32:29 Husbandry
33:35 Wheelbarrow
34:04 Blast Furnace
33:27 Chain Barding Armor
33:10 Elite Mameluke
34:14 Conscription
35:26 Onager
36:07 Light Cavalry
38:00 Counterweights
40:28 Chemistry
39:50 Siege Onager
"Real Friendly" new player
0:44 Loom
12:03 Feudal Age
15:38 Castle Age
13:32 Double-Bit Axe
13:35 Horse Collar
23:12 Heavy Plow
24:05 Bow Saw
24:08 Stone Mining
26:15 Wheelbarrow
28:51 Imperial Age
26:33 Fletching
26:44 Padded Archer Armor
27:32 Hand Cart
27:29 Gold Mining
27:44 Bodkin Arrow
28:11 Ballistics
28:46 Gold Shaft Mining
28:10 Crossbowman
28:12 Elite Skirmisher
29:10 Leather Archer Armor
31:01 Arbalester
32:09 Conscription
32:35 Bracer
33:05 Ring Archer Armor
33:38 Chemistry
35:10 Yeomen
35:50 Caravan
36:44 Coinage
40:24 Banking
40:07 Elite Longbowman
べにいろもみじ
0:26 Loom
10:39 Feudal Age
12:04 Double-Bit Axe
16:07 Castle Age
15:55 Horse Collar
16:48 Bow Saw
16:43 Fishing Lines
19:11 Wheelbarrow
20:57 Hand Cart
21:38 Gillnets
26:19 Gold Mining
26:20 Stone Mining
26:32 Heavy Plow
32:15 Imperial Age
30:10 Padded Archer Armor
30:59 Caravan
31:18 Kamandaran
32:08 Fletching
33:13 Ballistics
33:54 Chemistry
33:17 Conscription
33:07 Thumb Ring
32:34 Crossbowman
33:57 Leather Archer Armor
33:54 Bodkin Arrow
36:11 Ring Archer Armor
36:59 Chemistry
39:28 Husbandry
39:35 Scale Barding Armor
39:40 Forging
40:05 Bloodlines
39:15 Light Cavalry
40:05 Hussar
42:11 Iron Casting
42:59 Chain Barding Armor
46:28 Blast Furnace
46:04 Plate Barding Armor
Theodore
7:22 Loom
9:42 Feudal Age
9:56 Man-at-Arms
12:18 Arson
14:45 Double-Bit Axe
16:49 Horse Collar
17:06 Fletching
20:44 Wheelbarrow
21:48 Town Watch
24:41 Castle Age
23:04 Stone Mining
27:29 Forging
27:23 Squires
32:01 Imperial Age
30:48 Forging
32:52 Scale Mail Armor
35:52 Chain Mail Armor
38:38 Gold Mining
39:01 Bow Saw
42:37 Elite Varangian Guard
43:17 Squires
43:40 Squires
44:53 Iron Casting
44:48 Plate Mail Armor
44:53 Iron Casting
46:24 Plate Mail Armor
46:54 Blast Furnace
46:46 Long Swordsman
49:23 Onager
50:45 Heavy Plow
50:56 Bodkin Arrow
50:48 Siege Onager
51:52 Scale Barding Armor
51:56 Northmen's Fury
schlauchnase
11:22 Feudal Age
12:28 Double-Bit Axe
15:31 Castle Age
13:34 Horse Collar
13:54 Double-Bit Axe
16:55 Bow Saw
19:42 Fishing Lines
24:47 Wheelbarrow
28:42 Imperial Age
27:08 Hand Cart
27:03 Pikeman
28:28 Scale Mail Armor
28:38 Forging
28:56 Ballistics
29:59 Chain Mail Armor
29:10 Halberdier
30:53 Iron Casting
31:53 Fletching
31:25 Heavy Scorpion
33:45 Chemistry
32:47 Heavy Plow
32:37 Gold Mining
33:53 Blast Furnace
34:15 Siege Engineers
36:25 Caravan
36:16 Loom
37:09 Conscription
37:39 Double Crossbow
40:01 Scale Barding Armor
41:42 Chain Barding Armor
43:05 Bloodlines
42:55 Husbandry
42:16 Elite Battle Elephant
44:02 Plate Barding Armor
43:30 Tusk Swords
48:49 Crop Rotation
49:51 Light Cavalry
Connection lost

Rejoining the realm…

Still unreachable

The connection could not be restored.

Session expired

The server has moved on; the page needs a fresh start.